 Dungeon Crawl Stone Soup version 0.28.0-1-gb440e238dd (webtiles) character file.

Game seed: 13038502654148661811

8 pooopro the Vexing (level 1, -4/14 HPs)
             Began as a Demigod Enchanter on Feb 24, 2022.
             Slain by a gnoll (8 damage)
             ... on level 1 of the Dungeon.
             The game lasted 00:01:58 (124 turns).

pooopro the Vexing (Demigod Enchanter)               Turns: 124, Time: 00:01:58

Health: -4/14      AC:  6    Str:  9    XL:     1   Next: 80%
Magic:  5/5        EV:  8    Int: 17    God:
Gold:   24         SH:  0    Dex: 14    Spells: 3/3 levels left

rFire   . . .      SeeInvis .   e - +2 dagger (vamp)
rCold   . . .      Faith    .   (no shield)
rNeg    . . .      Spirit   .   d - +0 scale mail
rPois   .          Reflect  .   (no helmet)
rElec   .          Harm     .   (no cloak)
rCorr   .          Rampage  .   (no gloves)
Will    .....                   (no boots)
Stlth   +.........              (no amulet)
HPRegen 0.04/turn               (no ring)
MPRegen 0.09/turn               (no ring)

@: no status effects
A: high MP 1, forlorn, divine attributes
a: no special abilities


You were on level 1 of the Dungeon.
You visited 1 branch of the dungeon, and saw 1 of its levels.

You collected 24 gold pieces.

Inventory:

Hand Weapons
 a - a +1 dagger
 e - a +2 vampiric dagger (weapon)
Armour
 b - a +0 robe
 d - a +0 scale mail (worn)
Potions
 c - a potion of invisibility
 f - a potion of brilliance {unknown}


   Skills:
 + Level 1.1 Short Blades
 + Level 1.9 Dodging
 + Level 2.8 Stealth
 + Level 1.7 Spellcasting
 + Level 2.9 Hexes


You had 3 spell levels left.
You didn't know any spells.
Your spell library contained the following spells:

 Spells                   Type           Power      Damage    Failure   Level
 Ensorcelled Hibernation  Hex/Ice        12%        N/A       80%         2
 Confusing Touch          Hex            11%        N/A       83%         3
 Tukima's Dance           Hex            11%        N/A       83%         3
 Dazzling Flash           Conj/Hex       12%        N/A       95%         3


Dungeon Overview and Level Annotations

Branches:
Dungeon (1/15)


Innate Abilities, Weirdness & Mutations

You have an increased reservoir of magic. (+10% MP)
You shall have no god before yourself.
Your divine heritage dramatically boosts your attributes as you level up.


Message History

The frilled lizard barely misses you.
You hit the frilled lizard.
You kill the frilled lizard!
You hit the goblin.
The goblin is moderately wounded.
The goblin barely misses you.
You completely miss the goblin.
The goblin is moderately wounded.
The goblin hits you but does no damage.
You hit the goblin but do no damage.
The goblin is moderately wounded.
The goblin hits you but does no damage.
You hit the goblin.
You kill the goblin!
The gnoll hits you with a +0 flail!
Ouch! That really hurt!
* * * LOW HITPOINT WARNING * * *
You hit the gnoll.
The gnoll is lightly wounded.
The gnoll barely misses you.
You hit the gnoll.
You feel better.
The gnoll is moderately wounded.
You hit the gnoll.
You feel better.
The gnoll is heavily wounded.
The gnoll barely misses you.
You barely miss the gnoll.
The gnoll is heavily wounded.
The gnoll hits you with a +0 flail.
* * * LOW HITPOINT WARNING * * *
You hit the gnoll.
You feel better.
Your punch misses the gnoll.
The gnoll is severely wounded.
The gnoll hits you but does no damage.
You hit the gnoll.
The gnoll is severely wounded.
The gnoll barely misses you.
You barely miss the gnoll.
The gnoll is severely wounded.
The gnoll hits you with a +0 flail!
Ouch! That really hurt!
You die...

...#...........##
..
.....#....#.....#
#.
.......#.......## .
.........#......#.#
...............##.#
#.#.#.#.#.#.#.#...#
###############.###
# ##.###.## #
#.....†@#
#.#####g#######
#lr†......
#.#.#.#.#..
#....... .#.#.#$#.#
.... ..). .. ..#.#
#.#.# # ##... ....


You could see a gnoll, a frilled lizard and a rat.

Vanquished Creatures
  A ball python (D:1)
  A bat (D:1)
  A giant cockroach (D:1)
  A goblin (D:1)
  2 frilled lizards (D:1)
  A kobold (D:1)
  A rat (D:1)
8 creatures vanquished.

Notes
Turn   | Place    | Note
-------+----------+-------------------------------------------
     0 | D:1      | pooopro the Demigod Enchanter began the quest for the Orb.
     0 | D:1      | Reached XP level 1. HP: 14/14 MP: 5/5
   104 | D:1      | Reached skill level 1 in Short Blades
   124 | D:1      | Slain by a gnoll

Illustrated notes

Levels and vault maps discovered:
D:1:      co_arrival_square_in_a_square_in_a_square, layout_loops_ring,
          dreamdust_ecumenical_altar_drowned_temple, hex_medium,
          chequers_serial_rivers_small_b

Skill      XL: |  1 |
---------------+----+-----
Short Blades   | 1 |  1.1
Dodging        | |  1.9
Stealth        | |  2.8
Spellcasting   | |  1.7
Hexes          | |  2.9

Action                   || total
-------------------------++-------
Melee: Dagger            ||    30
  Use: Scroll            ||     1
Armor: Scale mail        ||    13
Dodge: Dodged            ||    14
